 Dungeon Crawl Stone Soup version 0.15.0-16-gce31824 (webtiles) character file.

182 HungrySpirit the Insei (level 5, -2/27 HPs)
             Began as a Vine Stalker Monk on Sept 5, 2014.
             Blown up by Ijyb (3 damage)
             ... with a wand of disintegration
             ... on Level 3 of the Dungeon.
             The game lasted 00:06:01 (2240 turns).

HungrySpirit the Insei (Vine Stalker Monk)          Turns: 2240, Time: 00:06:02

HP  -2/27        AC  3     Str 13      XL: 5   Next: 62%
MP   0/16        EV 19     Int 10      God:
Gold 92          SH  0     Dex 23      Spells:  0 memorised,  4 levels left

rFire  . . .     SeeInvis .     f - +0 dagger
rCold  . . .     Clarity  .     i - +0 leather armour
rNeg   . . .     rCorr    .     (no shield)
rPois  .         rRot     +     (no helmet)
rElec  .         Spirit   +     (no cloak)
SustAb .         Warding  .     (no gloves)
rMut   .         Stasis   .     (no boots)
Gourm  .                        (no amulet)
MR     .....                    (no ring)
                                z - ring of magical power

@: agile, not resistant to hostile enchantments, fairly stealthy
A: fangs 2, regeneration 1, magic shield, antimagic bite, no device heal 3, rot
immunity
a: no special abilities


You were on level 3 of the Dungeon.
You were hungry.

You visited 1 branch of the dungeon, and saw 3 of its levels.

You collected 92 gold pieces.

Inventory:

Hand weapons
 f - a +0 dagger (weapon)
Armour
 i - a +0 leather armour (worn)
Magical devices
 s - a wand of polymorph (15) {unknown}
Comestibles
 b - a bread ration
 k - 5 fruits
 l - a meat ration
 v - 3 rotting chunks of orc flesh
 w - 4 rotting chunks of orc flesh
Scrolls
 a - 2 scrolls of random uselessness {unknown}
 c - 6 scrolls of identify {unknown}
 h - 2 scrolls of enchant armour {unknown}
 m - a scroll of teleportation {unknown}
 n - a scroll of noise {unknown}
 q - a scroll of immolation {unknown}
 t - a scroll of recharging {unknown}
 u - a scroll of magic mapping {unknown}
 x - a scroll of remove curse {unknown}
 y - a scroll of fog {unknown}
Jewellery
 z - a ring of magical power (left hand)
Potions
 d - a potion of degeneration {unknown}
 e - a potion of flight {unknown}
 g - a potion of brilliance {unknown}
 j - 4 potions of agility
 o - a potion of lignification {unknown}
 p - a potion of heal wounds {unknown}
 r - a potion of restore abilities {unknown}


   Skills:
 - Level 2.6 Fighting
 * Level 3.8 Short Blades
 + Level 3.4 Dodging
 - Level 2.4 Stealth
 - Level 4.0 Unarmed Combat


You had 4 spell levels left.
You didn't know any spells.

Dungeon Overview and Level Annotations

Branches:
Dungeon (3/15)

Altars:
Fedhas
Trog

Annotations:
D:3 Ijyb


Innate Abilities, Weirdness & Mutations

You have extremely sharp teeth.
Your natural rate of healing is unusually fast.
When hurt, damage is shared between your health and your magic reserves.
Your bite disrupts and absorbs the magic of your enemies.
Potions and wands cannot restore your health.
You are immune to rotting.


Message History

You are feeling hungry.
You see here a hobgoblin corpse.
There is an open door here.
There is an open door here.
Things that are here:
a hunting sling; 18 stones; a goblin corpse Ijyb grins evilly.
You see here a stone.
Ijyb zaps a wand.
You are blasted!
Things that are here:
an uncursed hunting sling; 13 stones You hear the rapid rusting of a drain, a long way away.
Ijyb zaps a wand.
You are blasted!
* * * LOW HITPOINT WARNING * * *
Ijyb zaps a wand.
You are blasted!
* * * LOW HITPOINT WARNING * * *
Drink which item? (? for menu, Esc to quit)
You feel agile all of a sudden.
It was a potion of agility.
Ijyb zaps a wand.
You are blasted!
You die...

#...'...)......#.).#
#...'...%......#...#
#(≈≈#..........#...#
##.≈≈#########%.#...#
#..#≈≈≈..#...#..#...#
##.##≈≈≈..)..(g..##+##
#..###≈≈..#...#####
##.## #≈≈.g#####...#
#..# #≈≈....(@.)..#
##.## #≈≈≈.........#
#..# ##≈≈≈≈≈≈≈≈≈≈≈≈≈≈#
##.## ##≈≈≈≈≈≈≈≈≈≈≈≈≈#
#..# ###############
#.## ..# .## .#


You could see Ijyb.

Vanquished Creatures
  The ghost of Simboubou the Poker, an average MfDK of Yredelemnul (D:3)
  Terence (D:2)
  2 adders (D:2)
  A giant mite (D:2)
  A worm (D:2)
  2 giant geckos
  4 orcs (D:3)
  A ball python (D:2)
  7 bats
  3 giant cockroaches
  11 goblins
  4 hobgoblins
  A quokka (D:2)
  3 giant newts
  2 jackals (D:3)
  7 kobolds
  4 rats (D:2)
55 creatures vanquished.

Notes
Turn   | Place    | Note
--------------------------------------------------------------
     0 | D:1      | HungrySpirit, the Vine Stalker Monk, began the quest for the Orb.
     0 | D:1      | Reached XP level 1. HP: 11/11 MP: 1/1
   320 | D:1      | Reached skill level 1 in Short Blades
   391 | D:1      | Reached XP level 2. HP: 14/16 MP: 3/3
   975 | D:2      | Found a bloodstained altar of Trog.
   999 | D:2      | Reached XP level 3. HP: 13/19 MP: 4/4
  1146 | D:2      | Noticed Terence
  1213 | D:2      | Killed Terence
  1349 | D:2      | Reached XP level 4. HP: 23/23 MP: 5/5
  1372 | D:2      | Found a blossoming altar of Fedhas.
  1537 | D:3      | Noticed Simboubou's ghost (average MfDK)
  1862 | D:3      | Killed Simboubou's ghost
  1862 | D:3      | Reached XP level 5. HP: 15/27 MP: 7/7
  2192 | D:3      | Noticed Ijyb
  2239 | D:3      | HP: 1/27 [disintegration (7)]
  2240 | D:3      | Blown up by Ijyb

Action                   |  1- 3 |  4- 6 || total
-------------------------+-------+-------++-------
Melee: Dagger            |   134 |   146 ||   280
  Use: Potion            |       |     1 ||     1
 Stab: Sleeping          |     3 |     1 ||     4
  Eat: Chunk             |     1 |     3 ||     4
